 Dungeon Crawl Stone Soup version 0.22-a0-160-gcc81d7a (webtiles) character file.

19 theanonym the Cudgeler (level 2, 0/24 HPs)
             Began as a Mummy Chaos Knight on Feb 10, 2018.
             Slain by a jackal (1 damage)
             ... on level 1 of the Dungeon.
             The game lasted 00:01:09 (395 turns).

theanonym the Cudgeler (Mummy Chaos Knight)          Turns: 395, Time: 00:01:10

Health: 0/24       AC:  5    Str: 15    XL:     2   Next: 55%
Magic:  2/2        EV: 10    Int: 11    God:    Xom [..*...]
Gold:   22         SH:  0    Dex: 11    Spells: 1/1 levels left

rFire    x . .     SeeInvis .   f - -2 whip (curse)
rCold    + . .     Gourm    .   (no shield)
rNeg     + + +     Faith    .   e - +0 ring mail
rPois    ∞         Spirit   .   (no helmet)
rElec    .         Reflect  .   (no cloak)
rCorr    .         Harm     .   (no gloves)
MR       .....                  (no boots)
Stlth    +.........             (no amulet)
HPRegen  0.08/turn              (no ring)
MPRegen  0.08/turn              (no ring)

@: no status effects
A: no food or potions, fire vulnerability, cold resistance 1, negative energy
resistance 3, torment resistance, unbreathing
a: Renounce Religion


Innate Abilities, Weirdness & Mutations

You do not eat or drink.
Your flesh is vulnerable to fire.
You are immune to poison.
Your flesh is cold resistant. (rC+)
You are immune to negative energy. (rN+++)
You are immune to unholy pain and torment.
You can survive without breathing.


   Skills:
 - Level 3.0 Fighting
 + Level 3.2 Maces & Flails
 - Level 1.5 Armour
 - Level 0.7 Dodging


You had one spell level left.
You didn't know any spells.

Skill      XL: |  1 |
---------------+----+-----
Maces & Flails | 3 |  3.2
Fighting       | |  3.0
Armour         | |  1.5
Dodging        | |  0.7

Action                   || total
-------------------------++-------
Melee: Mace              ||    26
       Whip              ||    34
  Use: Scroll            ||     2
 Stab: Paralysed         ||     1
Armor: Leather armour    ||     8
       Ring mail         ||    28
Dodge: Dodged            ||    35

Inventory:

Hand Weapons
 a - a +0 mace of chaos
 f - a cursed -2 whip (weapon)
   (You found it on level 1 of the Dungeon)
Armour
 b - a +2 leather armour
 e - a +0 ring mail (worn)
   (You found it on level 1 of the Dungeon)


You were on level 1 of the Dungeon.
You worshipped Xom.
You were a toy of Xom.
You were not hungry.

You visited 1 branch of the dungeon, and saw 1 of its levels.

You collected 22 gold pieces.

Dungeon Overview and Level Annotations

Branches:
Dungeon (1/15)

Altars:

......##......###..8.
#####..#......#K#....
#........####### #
###........##.... #.
###..(.......##....
##.. ..g.......(..###..
.....
##r##..........##'
#....##hhh.............
#.....@######.###....#.
###.#......#.(.%......#
..###.†#..)..........
............#........
....................#
...#.####........#..# .
# ###.#...... .....#...
#.##...#.


You could see 3 jackals, a goblin and a rat.

Notes
Turn   | Place    | Note
-------+----------+-------------------------------------------
     0 | D:1      | theanonym the Mummy Chaos Knight began the quest for the Orb.
     0 | D:1      | Reached XP level 1. HP: 18/18 MP: 1/1
    84 | D:1      | HP: 9/18 [something (3)]
   324 | D:1      | Reached skill level 3 in Maces & Flails
   324 | D:1      | Reached XP level 2. HP: 24/24 MP: 2/2
   372 | D:1      | HP: 12/24 [jackal (1)]
   374 | D:1      | HP: 5/24 [rat (2)]
   383 | D:1      | HP: 3/24 [jackal (2)]
   394 | D:1      | HP: 1/24 [jackal (3)]
   395 | D:1      | Slain by a jackal

Vanquished Creatures
  2 dart slugs (D:1)
  3 bats (D:1)
  A hobgoblin (D:1)
  A jackal (D:1)
  A kobold (D:1)
  A frilled lizard (D:1)
  4 goblins (D:1)
  A rat (D:1)
14 creatures vanquished.

Table legend:
 A = Turns spent in this place as a percentage of turns spent in the entire game.
 B = Non-inter-level travel turns spent in this place as a percentage of non-inter-level travel turns spent in the entire game.
 C = Inter-level travel turns spent in this place as a percentage of turns spent in this place.
 D = Turns resting spent in this place as a percentage of non-inter-level travel turns spent in this place.
 E = Turns spent auto-exploring this place as a percentage of non-inter-level travel turns spent in this place.
 F = Non-inter-level travel turns spent in this place divided by the number of levels of this place that you've seen.
                   A       B       C       D       E      F
               +-------+-------+-------+-------+-------+----------------------
         Total | 100.0 | 100.0 |   0.0 |  43.3 |  25.3 | 395.0
       Dungeon | 100.0 | 100.0 |   0.0 |  43.3 |  25.3 | 395.0
               +-------+-------+-------+-------+-------+----------------------
